 Dungeon Crawl Stone Soup version 0.28-a0-1415-g7c84da036a (webtiles) character file.

Game seed: 11970884295095575743

2436 Hasart the Covert (level 9, 0/45 HPs)
             Began as a Kobold Enchanter on Jan 7, 2022.
             Was an Initiate of Hepliaklqana.
             Killed from afar by an orc wizard (7 damage)
             ... with a puff of flame
             ... on level 7 of the Dungeon.
             The game lasted 00:12:21 (7037 turns).

Hasart the Covert (Kobold Enchanter)                Turns: 7037, Time: 00:12:22

Health: 0/45       AC:  4    Str:  6    XL:     9   Next: 77%
Magic:  16/17      EV: 17    Int: 26    God:    Hepliaklqana [......]
Gold:   315        SH:  0    Dex: 15    Spells: 10/18 levels left

rFire   . . .      SeeInvis .   o - +2 dagger (speed)
rCold   . . .      Faith    .   (no shield)
rNeg    . . .      Spirit   .   k - +1 robe {Will+}
rPois   .          Reflect  .   (no helmet)
rElec   .          Harm     .   l - +0 cloak
rCorr   .          Rampage  .   (no gloves)
Will    .....                   (no boots)
Stlth   +++++.....              e - amulet of regeneration
HPRegen 0.95/turn               y - +6 ring of intelligence
MPRegen 0.15/turn               s - ring of wizardry

@: lethally poisoned (0 -> -1), weak-willed
A: small, no large weapons, nightstalker 3
a: Renounce Religion


You were on level 7 of the Dungeon.
You worshipped Hepliaklqana.
Hepliaklqana was noncommittal.
You visited 2 branches of the dungeon, and saw 8 of its levels.

You collected 315 gold pieces.

Inventory:

Hand Weapons
 o - a +2 dagger of speed (weapon)
Missiles
 h - 2 throwing nets (quivered)
Armour
 k - a +1 robe of willpower (worn)
 l - a +0 cloak (worn)
 A - a +2 ring mail of fire resistance
Jewellery
 e - an amulet of regeneration (around neck)
 f - a ring of protection from cold
 s - a ring of wizardry (right hand)
 t - a ring of positive energy
 y - a +6 ring of intelligence (left hand)
Wands
 p - a wand of iceblast (9)
 r - a wand of mindburst (22)
 B - a wand of digging (3)
Scrolls
 b - a scroll of teleportation
 d - 3 scrolls of identify
 j - a scroll of vulnerability
 m - a scroll of blinking
Potions
 c - a potion of invisibility
 g - 2 potions of haste
 i - 2 potions of curing {unknown}
 n - a potion of mutation {unknown}
 q - 3 potions of degeneration {unknown}
 u - a potion of resistance {unknown}
 v - a potion of brilliance {unknown}
 w - a potion of heal wounds {unknown}
 x - a potion of attraction {unknown}


   Skills:
 + Level 6.7 Short Blades
 + Level 6.4 Dodging
 + Level 8.3 Stealth
 + Level 5.4 Spellcasting
 * Level 7.9 Hexes


You had 10 spell levels left.
You knew the following spells:

 Your Spells              Type           Power      Damage    Failure   Level
a - Ensorcelled Hibernat  Hex/Ice        54%        N/A       1%          2
b - Confusing Touch       Hex            48%        N/A       1%          3
c - Tukima's Dance        Hex            48%        N/A       1%          3

Your spell library contained the following spells:

 Spells                   Type           Power      Damage    Failure   Level
 Dazzling Flash           Conj/Hex       54%        N/A       1%          3
 Beastly Appendage        Tmut           14%        N/A       3%          1
 Wereblood                Tmut           7%         N/A       4%          2
 Spider Form              Tmut/Pois      7%         N/A       9%          3
 Stone Arrow              Conj/Erth      14%        3d7       9%          3
 Animate Armour           Summ/Erth      14%        N/A       28%         4
 Lehudib's Crystal Spear  Conj/Erth      3%         10d3      100%        8


Dungeon Overview and Level Annotations

Branches:
Dungeon (7/15)             Temple (1/1) D:6

Altars:
Ashenzari
Cheibriados
Dithmenos
Elyvilon
Fedhas
Gozag
Hepliaklqana
Kikubaaqudgha
Makhleb
Nemelex Xobeh
Okawaru
Qazlal
Ru
Sif Muna
Trog
Uskayaw
Vehumet
Wu Jian
Xom
Yredelemnul
Zin
The Shining One

Shops:
D:3 (   D:5 (

Annotations:
D:6 2 transporters, mcsplat's ghost, novice HOMo


Innate Abilities, Weirdness & Mutations

You are small and have problems with some larger weapons.
You are completely attuned to the shadows.


Message History

The kobold shouts! x2; The kobold brigand shouts!
The kobold shouts! x3
The orc wizard shouts!
Unknown command.
You hit the orc wizard but do no damage.
The orc priest invokes the aid of Beogh against you.
Beogh smites you!
The kobold hits you with a +0 short sword.
The orc wizard closely misses you. The orc closely misses you.
Unknown command.
The phantom hits you.
The phantom blinks!
You blink.
The orc wizard casts a spell.
The orc wizard flickers and vanishes!
Deactivating autopickup; reactivate with Ctrl-A.
The orc priest mumbles some strange prayers to Beogh against you.
Beogh smites you!
* * * LOW HITPOINT WARNING * * *
The phantom hits you but does no damage.
The phantom hits you!
* * * LOW HITPOINT WARNING * * *
The orc wizard mumbles some strange words.
The orc wizard flickers and vanishes!
The kobold hits you with a +0 short sword.
The orc priest looks braver for a moment.
The phantom hits you!
* * * LOW HITPOINT WARNING * * *
You hit the phantom but do no damage.
The phantom appears confused.
You strike the helpless phantom from behind!
You impale the phantom!!
You destroy the phantom!
Something hits you but does no damage.
You are poisoned.
The kobold hits you but does no damage.
You feel sick. The kobold closely misses you. The kobold misses you.
The orc priest misses you.
You miss something.
You feel sick.
You hit something.
You hear some strange, mumbled words.
A puff of flame appears from out of thin air!
The puff of flame hits you!
You die...

#....ยง..###.....#
#.KK............#
#...Ko..........#
#....K..........#
#.....K.........#
#........##.....#
#........########
#........K......#
..........Ko@K.#
..........KK{.#
.............#
#############


You could see a kobold brigand, an orc priest and 4 kobolds.

Vanquished Creatures
  A troll (D:5)
  Sigmund (D:5)
  A yak (D:5)
  Menkaure (D:4)
  A water moccasin (D:3)
  A sky beast (D:6)
  2 ogres
  3 phantoms
  2 bullfrog zombies
  A centaur zombie (D:3)
  2 hounds (D:6)
  Crazy Yiuf (D:2)
  An iguana (D:6)
  7 gnolls
  6 adders
  An ufetubus (D:6)
  An adder zombie (D:5)
  An adder skeleton (D:5)
  2 worms
  3 dart slugs
  21 orcs
  3 endoplasms
  3 giant cockroaches
  9 goblins
  9 hobgoblins
  7 jackals
  2 quokkas (D:2)
  5 ball pythons
  7 bats
  2 frilled lizards
  5 kobolds
  7 rats
119 creatures vanquished.

Vanquished Creatures (collateral kills)
  A two-headed ogre (D:5)
  Edmund (D:6)
  An ogre (D:6)
3 creatures vanquished.

Grand Total: 122 creatures vanquished

Notes
Turn   | Place    | Note
-------+----------+-------------------------------------------
     0 | D:1      | Hasart the Kobold Enchanter began the quest for the Orb.
     0 | D:1      | Reached XP level 1. HP: 10/10 MP: 3/3
   436 | D:1      | Reached XP level 2. HP: 15/15 MP: 5/5
   626 | D:1      | Learned a level 2 spell: Ensorcelled Hibernation
  1247 | D:1      | Reached XP level 3. HP: 19/19 MP: 6/6
  1951 | D:2      | Reached XP level 4. HP: 24/24 MP: 7/7
  2176 | D:2      | Found a runed translucent door.
  2179 | D:2      | Noticed Crazy Yiuf
  2184 | D:2      | Killed Crazy Yiuf
  2185 | D:2      | Reached XP level 5. HP: 28/28 MP: 9/9
  2362 | D:3      | Noticed a water moccasin
  2366 | D:3      | Killed a water moccasin
  2367 | D:3      | Reached skill level 5 in Stealth
  2367 | D:3      | Reached XP level 6. HP: 21/32 MP: 7/10
  2965 | D:3      | Found Megh's Antique Weapon Shoppe.
  3016 | D:3      | Found a faded altar of an unknown god.
  3068 | D:3      | Learned a level 3 spell: Confusing Touch
  3127 | D:4      | Noticed Menkaure
  3130 | D:4      | Killed Menkaure
  3131 | D:4      | Reached skill level 5 in Hexes
  3131 | D:4      | Reached XP level 7. HP: 36/36 MP: 12/12
  3889 | D:5      | Entered Level 5 of the Dungeon
  3904 | D:5      | Noticed a two-headed ogre
  3921 | D:5      | Learned a level 3 spell: Tukima's Dance
  4059 | D:5      | Killed a two-headed ogre
  4060 | D:5      | Reached skill level 5 in Short Blades
  4060 | D:5      | Reached skill level 5 in Dodging
  4060 | D:5      | Reached skill level 6 in Stealth
  4060 | D:5      | Reached XP level 8. HP: 39/41 MP: 1/14
  4280 | D:5      | Reached skill level 7 in Stealth
  4530 | D:5      | Found Iptiulop's Weapon Shoppe.
  4623 | D:5      | Noticed Sigmund
  4627 | D:5      | Killed Sigmund
  4628 | D:5      | Reached XP level 9. HP: 45/45 MP: 14/16
  4944 | D:5      | Noticed a troll
  4948 | D:5      | Killed a troll
  4949 | D:5      | Reached skill level 5 in Spellcasting
  5419 | D:6      | Found a transporter.
  5430 | D:6      | Noticed a manticore
  5438 | D:6      | Found a transporter.
  5438 | D:6      | Noticed mcsplat's ghost (novice HOMo)
  5511 | D:6      | Found a staircase to the Ecumenical Temple.
  5522 | D:6      | Reached skill level 8 in Stealth
  5525 | Temple   | Entered the Ecumenical Temple
  5611 | Temple   | Became a worshipper of Hepliaklqana the Forgotten
  6203 | D:6      | Noticed Edmund
  6211 | D:6      | Killed Edmund
  6821 | D:6      | Found a glowing golden altar of the Shining One.
  6849 | D:6      | Found a shadowy altar of Dithmenos.
  7037 | D:7      | Killed from afar by an orc wizard

Illustrated notes

Levels and vault maps discovered:
D:1:      lightli_arrival_statue_moat, layout_basic, minivault_14,
          minmay_misc_feat_tiny
D:2:      wad_river_or_something, layout_rooms, minmay_tripent,
          uniq_crazy_yiuf_cottage
D:3:      layout_basic, dilly_ecumenical_altar_fadedgnrine, serial_shops,
          nicolae_shop_stone
D:4:      layout_cave_pools, minmay_misc_feat_four_crosses, uniq_menkaure
D:5:      layout_basic, serial_shops, nicolae_shop_waterfront, st_stairs_1,
          kennysheep_minor_cross, chequers_serial_rivers_small_b,
          minmay_quadrilaterals, uniq_sigmund
D:6:      layout_basic, mainiacjoe_overflow_two_lobes, minmay_temple_entry_grid,
          gammafunk_ghost_arena, nrook_mini_vaults, uniq_edmund
D:7:      layout_gridville, nicolae_ossuary_entry_giza, enter_bailey_7,
          uniq_pikel
Temple:   mainiacjoe_temple_big_plus

Skill      XL: |  1  2  3  4  5  6  7  8  9 |
---------------+----------------------------+-----
Short Blades   | 2 3 5 6 |  6.7
Dodging        | 3 4 5 6 |  6.4
Hexes          | 4 5 6 7 |  7.9
Stealth        | 5 6 7 8 |  8.3
Spellcasting   | 3 4 5 |  5.4

Action                   |  1- 3 |  4- 6 |  7- 9 || total
-------------------------+-------+-------+-------++-------
Melee: Dagger            |   102 |   129 |   293 ||   524
       Punch             |     1 |     2 |     6 ||     9
 Cast: Ensorcelled Hiber |       |     6 |    22 ||    28
       Confusing Touch   |       |     1 |     3 ||     4
       Tukima's Dance    |       |       |    12 ||    12
  Use: Scroll            |       |       |     6 ||     6
 Stab: Sleeping          |    18 |    20 |    26 ||    64
       Distracted        |     1 |       |     1 ||     2
       Confused          |       |     2 |     4 ||     6
Armor: Robe              |    10 |    19 |    12 ||    41
Dodge: Dodged            |    69 |    82 |   138 ||   289

Table legend: (Time is in decaauts)
 A = Elapsed time spent in this place.
 B = Non-inter-level travel time spent in this place.
 C = Inter-level travel time spent in this place.
 D = Time resting spent in this place.
 E = Time spent auto-exploring this place.
 F = Levels seen in this place.
 G = Mean time per level.
                   A        B        C        D        E       F      G
               +--------+--------+--------+--------+--------+-----+--------+
         Total |   6864 |   6734 |    130 |     36 |   5575 |   8 |  858.0 |
       Dungeon |   6335 |   6227 |    108 |     36 |   5084 |   7 |  905.0 |
        Temple |    529 |    507 |     22 |      0 |    491 |   1 |  529.0 |
               +--------+--------+--------+--------+--------+-----+--------+

Top non-repeatable levels by time:
     D:1: 1524 daAuts
     D:6: 1243 daAuts
     D:5: 1211 daAuts
     D:2: 821 daAuts
     D:4: 762 daAuts
     D:3: 737 daAuts
  Temple: 529 daAuts
     D:7: 34 daAuts
